AoeStats
← varunalur2879

Arena

508321043Analyzed
4v4 RM · 11d ago on Sep 21, 2026· 13m 6s· 8 players
Game mode
Random Map
Map size
Large (8 player)
Population
200
Speed
Normal
Resources
Standard
Victory
Conquest
Starting age
Dark Age
Ending age
Imperial Age
RankedLock teamsTeams togetherTeam positionsShared explorationLock speedFull tech treeHidden civsTurbo modeCheats
Victory
Defeat
🇦🇷 Teutons · Argentina
1389
+13
🇮🇳 Georgians · India
1356
+15
🇨🇴 Persians · Colombia
1353
+15
🇨🇳 Japanese · China
1243
+19
🇦🇷 Franks · Argentina
1375
-18
🇨🇱 Cumans · Chile
1371
-17
🇦🇷 Inca · Argentina
1285
-14
🇨🇴 Ethiopians · Colombia
1261
-13
_Carp_
0:31 Loom
9:22 Feudal Age
9:59 Loom
Politox
10:34 Feudal Age
Os_A_Ve
11:22 Feudal Age
Thanos 2022
8:32 Feudal Age
9:16 Double-Bit Axe
9:12 Horse Collar
varunalur2879
10:50 Feudal Age
14:29 Castle Age
12:16 Horse Collar
12:27 Double-Bit Axe
13:40 Scale Barding Armor
T91Official
10:18 Feudal Age
13:56 Castle Age
11:54 Double-Bit Axe
12:20 Horse Collar
Watusi
5:59 Loom
8:47 Feudal Age
9:27 Double-Bit Axe
11:49 Fletching
SlyFever
10:25 Feudal Age
14:05 Castle Age
11:50 Horse Collar
Connection lost

Rejoining the realm…

Still unreachable

The connection could not be restored.

Session expired

The server has moved on; the page needs a fresh start.